 Dungeon Sprint DCSS version 0.21.1-1-g345015f (webtiles) character file.

4860 Gingerlord the Commander (level 10, -1/86 HPs)
             Began as a Demonspawn Fighter on July 7, 2018.
             Was a High Priest of Okawaru.
             Slain by a nine-headed hydra (7 damage)
             ... in the Dungeon (Sprint IX: "|||||||||||||||||||||||||||||") on July 8, 2018.
             The game lasted 00:06:46 (1416 turns).

Gingerlord the Commander (Demonspawn Fighter)       Turns: 1416, Time: 00:06:47

Health: -1/86      AC: 16    Str: 20    XL:     10   Next: 26%
Magic:  0/6        EV: 16    Int:  6    God:    Okawaru [*****.]
Gold:   10         SH: 13    Dex: 22    Spells: 9/9 levels left

rFire    . . .     SeeInvis .   o - +2 scimitar of the Sun {antimagic, Str+3 Int-4 Dex+4}
rCold    . . .     Gourm    .   c - +0 shield
rNeg     . . .     Faith    .   q - +1 chain mail
rPois    .         Spirit   +   p - +0 helmet
rElec    .         Reflect  .   (no cloak)
rCorr    .         Harm     .   (no gloves)
MR       .....     NoTele   +   (no boots)
Stlth    +.........             (no amulet)
HPRegen  0.24/turn              r - +2 ring of evasion
MPRegen  0.20/turn              s - +3 ring of dexterity

@: very slightly contaminated, invisible
A: icy blue scales 1, nightstalker 2, magic shield, magic regeneration
a: Heroism, Finesse, Renounce Religion


You were in the Dungeon.
You worshipped Okawaru.
Okawaru was extremely pleased with you.
You were not hungry.

You visited 1 branch You collected 10 gold pieces.

Inventory:

Hand Weapons
 o - the +2 scimitar of the Sun (weapon) {antimagic, Str+3 Int-4 Dex+4}
   (You found it in the Dungeon)

   It reduces the magical energy of the wielder, and disrupts the spells and
   magical abilities of those hit.
   Natural abilities and divine invocations are not affected.
   It affects your strength (+3).
   It affects your intelligence (-4).
   It affects your dexterity (+4).
Armour
 c - a +0 shield (worn)
 p - a +0 helmet (worn)
 q - a +1 chain mail (worn)
Jewellery
 r - a +2 ring of evasion (left hand)
 s - a +3 ring of dexterity (right hand)
Wands
 n - a wand of iceblast (10)
Scrolls
 l - 3 scrolls of remove curse
 m - 2 scrolls of amnesia
 t - 3 scrolls of enchant weapon
 u - 2 scrolls of identify
 v - 2 scrolls of enchant armour
Potions
 b - a potion of agility
 g - 3 potions of heal wounds
 h - a potion of haste
 i - 4 potions of magic
 j - 7 potions of curing


   Skills:
 + Level 10.7 Fighting
 + Level 9.7 Long Blades
 + Level 9.8 Armour
 + Level 9.6 Dodging
 + Level 9.8 Shields
 + Level 11.6 Invocations


You had 9 spell levels left.
You didn't know any spells.

Dungeon Overview and Level Annotations

Branches:
Dungeon (1/1)

Altars:
Cheibriados
Dithmenos
Elyvilon
Fedhas
Gozag
Hepliaklqana
Kikubaaqudgha
Makhleb
Nemelex Xobeh
Okawaru
Qazlal
Ru
Sif Muna
Trog
Uskayaw
Vehumet
Wu Jian
Xom
Yredelemnul
Zin
The Shining One
Beogh
Jiyva
Lugonu


Innate Abilities, Weirdness & Mutations

You are partially covered in icy blue scales. (AC +2)
You are significantly more attuned to the shadows.
When hurt, damage is shared between your health and your magic reserves.
You regenerate magic rapidly.


Message History

Unknown command.
Unknown command.
Unknown command.
Unknown command.
Unknown command.
You hack one of the eight-headed hydra's heads off!
The seven-headed hydra grows two more!
You slash the nine-headed hydra!
The nine-headed hydra is lightly wounded.
The hippogriff bites you.
* * * LOW HITPOINT WARNING * * *
You block the hippogriff's attack. x2
The nine-headed hydra barely misses you.
The nine-headed hydra bites you but does no damage.
The nine-headed hydra bites you.
* * * LOW HITPOINT WARNING * * *
You block the nine-headed hydra's attack.
The nine-headed hydra bites you but does no damage.
The nine-headed hydra barely misses you.
The nine-headed hydra bites you!
You die...

▓▓▓▓▓▓▓▓▓▓▓▓▓▓▓▓▓▓▓▓▓▓▓▓▓
ht.F'.hH@D.D.)'!....†=...
▓▓▓▓▓▓▓▓▓▓▓▓▓▓▓▓▓▓▓▓▓▓▓▓▓▓▓▓▓▓▓▓▓
.........).......................
▓▓▓▓▓▓▓▓▓▓▓▓▓▓▓▓▓▓▓▓▓▓▓▓▓▓▓▓▓▓▓▓▓
..'________________________'.....
▓▓▓▓▓▓▓▓▓▓▓▓▓▓▓▓▓▓▓▓▓▓▓▓▓▓▓▓▓▓▓▓▓


You could see a 15-headed hydra, a nine-headed hydra, a polar bear, a hippogriff
and a blink frog (wandering).

Vanquished Creatures
  A hydra (D)
  A centaur warrior (D)
  An unseen horror (D)
  A black mamba (D)
  A spiny frog (D)
  Psyche (D)
  A kobold demonologist (D)
  2 komodo dragons (D)
  A troll (D)
  2 hippogriffs (D)
  A water moccasin (D)
  An orc warrior (D)
  A sky beast (D)
  An ogre (D)
  A wolf (D)
  A crocodile (D)
  A bullfrog (D)
  A scorpion (D)
  A hound (D)
  An orc wizard (D)
  A worker ant (D)
  A shadow imp (D)
  An adder zombie (D)
  2 bats (D)
  A bat skeleton (D)
  A bat zombie (D)
  A giant cockroach (D)
  A hobgoblin (D)
  A jackal (D)
  A jackal skeleton (D)
  A rat (D)
34 creatures vanquished.

Notes
Turn   | Place    | Note
-------+----------+-------------------------------------------
     0 | D        | Gingerlord the Demonspawn Fighter began the quest for the Orb.
     0 | D        | Reached XP level 1. HP: 18/18 MP: 1/1
    10 | D        | Reached skill level 1 in Dodging
    17 | D        | Noticed an ogre
    17 | D        | Noticed a worker ant
    17 | D        | Noticed a scorpion
    29 | D        | Killed a scorpion
    29 | D        | Gained mutation: When hurt, damage is shared between your health and your magic reserves. [demonic ancestry]
    29 | D        | Reached XP level 2. HP: 7/26 MP: 2/2
    29 | D        | Gained mutation: You are slightly more attuned to the shadows. [demonic ancestry]
    29 | D        | Reached XP level 3. HP: 8/31 MP: 3/3
    44 | D        | Gained mutation: You are partially covered in icy blue scales. (AC +2) [demonic ancestry]
    44 | D        | Reached XP level 4. HP: 19/38 MP: 1/4
    53 | D        | Killed an ogre
    53 | D        | Reached skill level 5 in Fighting
    53 | D        | Reached skill level 5 in Armour
    53 | D        | Reached skill level 5 in Shields
    53 | D        | Reached XP level 5. HP: 22/46 MP: 2/5
   256 | D        | Found a roughly hewn altar of Beogh.
   256 | D        | Found a snail-covered altar of Cheibriados.
   256 | D        | Found a shadowy altar of Dithmenos.
   256 | D        | Found a white marble altar of Elyvilon.
   256 | D        | Found a blossoming altar of Fedhas.
   257 | D        | Found an opulent altar of Gozag.
   258 | D        | Found a hazy altar of Hepliaklqana.
   259 | D        | Found a viscous altar of Jiyva.
   260 | D        | Found an ancient bone altar of Kikubaaqudgha.
   261 | D        | Found a corrupted altar of Lugonu.
   262 | D        | Found a burning altar of Makhleb.
   263 | D        | Found a sparkling altar of Nemelex Xobeh.
   264 | D        | Found an iron altar of Okawaru.
   265 | D        | Found a stormy altar of Qazlal.
   266 | D        | Found a sacrificial altar of Ru.
   267 | D        | Found a deep blue altar of Sif Muna.
   268 | D        | Found a bloodstained altar of Trog.
   269 | D        | Found a hide-covered altar of Uskayaw.
   270 | D        | Found a radiant altar of Vehumet.
   271 | D        | Found an ornate altar of the Wu Jian Council.
   273 | D        | Became a worshipper of Warmaster Okawaru
   275 | D        | Found a shimmering altar of Xom.
   276 | D        | Found a basalt altar of Yredelemnul.
   277 | D        | Found a glowing silver altar of Zin.
   278 | D        | Found a glowing golden altar of the Shining One.
   294 | D        | Got the +2 scimitar of the Sun {antimagic, Str+3 Int-4 Dex+4}
   324 | D        | Noticed an orc warrior
   330 | D        | Killed an orc warrior
   330 | D        | Reached skill level 5 in Long Blades
   330 | D        | Reached skill level 2 in Invocations
   330 | D        | Reached XP level 6. HP: 41/52 MP: 1/8
   345 | D        | Killed an unseen horror
   345 | D        | Reached * piety under Okawaru
   345 | D        | Reached ** piety under Okawaru
   345 | D        | Reached skill level 6 in Invocations
   345 | D        | Reached XP level 7. HP: 28/61 MP: 1/12
   518 | D        | Noticed a kobold demonologist
   518 | D        | Noticed a troll
   518 | D        | Noticed a centaur warrior
   527 | D        | Killed a centaur warrior
   527 | D        | Reached *** piety under Okawaru
   527 | D        | Reached skill level 8 in Invocations
   527 | D        | Gained mutation: You regenerate magic rapidly. [demonic ancestry]
   527 | D        | Reached XP level 8. HP: 69/69 MP: 2/14
   545 | D        | Killed a troll
   545 | D        | Reached **** piety under Okawaru
   558 | D        | Killed a kobold demonologist
   558 | D        | Reached skill level 9 in Invocations
   558 | D        | Gained mutation: You are significantly more attuned to the shadows. [demonic ancestry]
   558 | D        | Reached XP level 9. HP: 57/76 MP: 5/15
   694 | D        | Noticed Psyche
   705 | D        | Killed Psyche
   705 | D        | Reached ***** piety under Okawaru
   780 | D        | Noticed a spiny frog
   780 | D        | Noticed a black mamba
   780 | D        | Noticed a six-headed hydra
   781 | D        | Noticed a komodo dragon
   790 | D        | Killed a 12-headed hydra
   790 | D        | Reached skill level 10 in Fighting
   790 | D        | Reached skill level 10 in Invocations
   794 | D        | Killed a black mamba
   794 | D        | Received a gift from Okawaru
   796 | D        | Noticed a komodo dragon
   800 | D        | Killed a spiny frog
   800 | D        | Reached skill level 11 in Invocations
   804 | D        | Killed a komodo dragon
   804 | D        | Reached XP level 10. HP: 12/86 MP: 1/18
  1163 | D        | Noticed a five-headed hydra
  1163 | D        | Noticed a seven-headed hydra
  1416 | D        | Slain by a nine-headed hydra

Skill      XL: |  1  2  3  4  5  6  7  8  9 |
---------------+----------------------------+-----
Long Blades    | 3 4 5 6 7 8 9 |  9.7
Armour         | 4 5 7 8 9 |  9.8
Dodging        | 2 3 4 6 7 9 |  9.6
Shields        | 4 5 7 8 9 |  9.8
Fighting       | 4 5 6 7 8 9 10 | 10.7
Invocations    | 2 6 8 9 11 | 11.6

Action                   |  1- 3 |  4- 6 |  7- 9 | 10-12 || total
-------------------------+-------+-------+-------+-------++-------
Melee: Long sword        |    32 |     8 |       |       ||    40
       Scimitar          |       |    20 |    96 |    47 ||   163
Invok: Heroism           |       |       |     2 |       ||     2
       Finesse           |       |       |       |     1 ||     1
  Use: Potion            |     2 |     2 |     2 |     2 ||     8
       Scroll            |       |       |     1 |     3 ||     4
  Eat: Ration            |       |       |       |     1 ||     1
Armor: Scale mail        |    11 |       |       |       ||    11
       Chain mail        |       |    20 |    42 |    52 ||   114
Dodge: Dodged            |    14 |     2 |    47 |    71 ||   134
Block: Shield            |    14 |     9 |    64 |    66 ||   153
       Rpst.: Long sword |     6 |       |       |       ||     6
       Scimitar          |       |       |     6 |     5 ||    11
